[Event "Titled Tuesday Blitz August 08 Late 2023"]
[White "Do Valle Cardoso, Lucas"]
[Black "Gabdushev, Ruslan"]
[WhiteFideId "2163144"]
[BlackFideId "4137833"]
[WhiteElo "2734"]
[BlackElo "2414"]
[Result "1-0"]
[Round "1"]
[TimeControl "180+1"]
[Date "2023.08.08"]
[WhiteClock "0:00:17"]
[BlackClock "0:00:00"]
[Board "74"]

1. e4 c6 2. d4 g6 3. Nc3 Bg7 4. h3 b5 5. Be3 b4 6. Nce2 Nf6 7. f3 a5 8. Qd2 Ba6 9. h4 h5 10. Nh3 d6 11. Ng5 Nbd7 12. O-O-O Qb8 13. Kb1 Nb6 14. b3 Nbd7 15. Nf4 a4 16. Bxa6 Rxa6 17. Nd3 axb3 18. cxb3 Rb6 19. e5 Nd5 20. e6 fxe6 21. Nxe6 Bf6 22. Rc1 Kf7 23. Ndf4 Nc3+ 24. Ka1 Ra6 25. Rc2 Nb6 26. Qd3 Rxa2+ 27. Rxa2 Rg8 28. Ra5 c5 29. g4 Qa8 30. Rxa8 Rxa8+ 31. Kb2 Ra2+ 32. Kc1 Ra1+ 33. Kd2 Ra2+ 34. Ke1 Ra1+ 35. Kf2 1-0


[Site "https://www.chess.com"]

[Event "Titled Tuesday Blitz August 08 Late 2023"]
[White "Nathan, Nitish"]
[Black "Bakalchuk, Johnatan"]
[WhiteFideId "30927870"]
[BlackFideId "2810301"]
[WhiteElo "2413"]
[BlackElo "2732"]
[Result "0-1"]
[Round "1"]
[TimeControl "180+1"]
[Date "2023.08.08"]
[WhiteClock "0:01:34"]
[BlackClock "0:00:42"]
[Board "75"]

1. d4 Nf6 2. Bf4 g6 3. e3 Bg7 4. Nf3 O-O 5. h3 d6 6. Be2 b6 7. O-O c5 8. c4 Nc6 9. Nc3 cxd4 10. exd4 Bb7 11. d5 Nb8 12. Rc1 Nbd7 13. Qd2 Rc8 14. Bh6 a6 15. Bxg7 Kxg7 16. b4 Re8 17. Qd4 e5 18. dxe6 Rxe6 19. Ng5 Re5 20. f4 Re8 21. Qxd6 h6 22. Bf3 Bxf3 23. Nxf3 Rxc4 24. a3 Qc8 25. Na2 Re2 26. Nd2 Rc2 27. Qd3 Rexd2 28. Qxd2 Rxd2 29. Rxc8 Rxa2 30. Rc3 Nd5 31. Rd3 N7f6 32. g3 b5 33. Rfd1 Ne7 34. Re3 Nf5 35. Rf3 h5 36. Rc1 Ne4 37. g4 hxg4 38. hxg4 Nd4 39. Re3 Nf6 40. Kf1 Nxg4 41. Rd3 Nf5 42. Rdc3 Nge3+ 43. Kg1 Nc4 44. Rd3 Nxa3 45. Rc6 Nc4 46. Rc7 Nce3 47. Rdd7 Rg2+ 0-1


[Site "https://www.chess.com"]

[Event "Titled Tuesday Blitz August 08 Late 2023"]
[White "Rakotomaharo, Fy Antenaina"]
[Black "KorolDimitriy75"]
[WhiteFideId "13100050"]
[WhiteElo "2730"]
[BlackElo "2412"]
[Result "1-0"]
[Round "1"]
[TimeControl "180+1"]
[Date "2023.08.08"]
[WhiteClock "0:00:18"]
[BlackClock "0:00:00"]
[Board "76"]

1. Nf3 c5 2. c4 g6 3. Nc3 Bg7 4. d4 cxd4 5. Nxd4 Nc6 6. Nc2 Nf6 7. e4 O-O 8. Be2 d6 9. O-O a5 10. Be3 a4 11. Rc1 Qa5 12. Qd2 Bd7 13. Rfd1 Rfc8 14. f3 Kf8 15. Bh6 Ne5 16. Bxg7+ Kxg7 17. Ne3 Bc6 18. Kh1 Qb4 19. Nc2 Qa5 20. b4 axb3 21. axb3 Be8 22. f4 Nc6 23. Ra1 Qb6 24. b4 h5 25. h3 Qf2 26. Rxa8 Rxa8 27. Rf1 Qb6 28. b5 Na5 29. e5 dxe5 30. fxe5 Nd7 31. Nd5 Qc5 32. e6 Nf6 33. Qc3 fxe6 34. Nxf6 exf6 35. Qxf6+ Kh7 36. Nd4 1-0


[Site "https://www.chess.com"]

[Event "Titled Tuesday Blitz August 08 Late 2023"]
[White "Ozalp, Burak"]
[Black "Korchmar, Vasiliy"]
[WhiteFideId "6314210"]
[BlackFideId "24131750"]
[WhiteElo "2408"]
[BlackElo "2727"]
[Result "0-1"]
[Round "1"]
[TimeControl "180+1"]
[Date "2023.08.08"]
[WhiteClock "0:00:07"]
[BlackClock "0:01:55"]
[Board "77"]

1. Nf3 d5 2. c4 c6 3. e3 Nf6 4. b3 Bg4 5. Bb2 e6 6. Be2 Nbd7 7. O-O Bd6 8. h3 Bh5 9. d4 O-O 10. Ba3 Bxa3 11. Nxa3 Ne4 12. Nb1 a5 13. Qc2 a4 14. Nbd2 Nxd2 15. Qxd2 Qe7 16. Rfb1 a3 17. cxd5 exd5 18. b4 b5 19. Rb3 Nb6 20. Ne5 Nc4 21. Nxc4 bxc4 22. Rbb1 Bg6 23. Rc1 Rfb8 24. Rab1 Bxb1 25. Rxb1 Ra4 26. b5 Rxb5 27. Rxb5 cxb5 28. Bf3 Qd6 29. Qc2 g6 30. h4 h5 31. g4 hxg4 32. Bxg4 Rb4 33. h5 Rb2 34. Qd1 Qf6 35. Bf3 Qf5 36. hxg6 Rb1 37. gxf7+ Kf8 0-1


[Site "https://www.chess.com"]

[Event "Titled Tuesday Blitz August 08 Late 2023"]
[White "Alex_Sahakyan2006"]
[Black "Herman, Daniel"]
[BlackFideId "30935008"]
[WhiteElo "2724"]
[BlackElo "2404"]
[Result "1-0"]
[Round "1"]
[TimeControl "180+1"]
[Date "2023.08.08"]
[WhiteClock "0:01:36"]
[BlackClock "0:00:00"]
[Board "78"]

1. e4 Nf6 2. Nc3 e5 3. Nf3 Nc6 4. Bb5 Nd4 5. Bc4 Nxf3+ 6. Qxf3 Bc5 7. d3 h6 8. Qg3 d6 9. Qxg7 Rh7 10. Qg3 Be6 11. Bxe6 fxe6 12. Be3 Bb6 13. O-O-O Qe7 14. Qf3 O-O-O 15. h3 Rf8 16. Qe2 h5 17. g3 Rhf7 18. Rhf1 Nd7 19. h4 Nf6 20. Kb1 Ng4 21. Bg5 Qd7 22. f3 Nf6 23. Be3 Rg8 24. Rg1 Rfg7 25. Bxb6 axb6 26. Qf2 Qf7 27. Rdf1 Nd7 28. Ne2 Rf8 29. Qe3 Qg6 30. f4 Rgf7 31. a3 exf4 32. gxf4 Qh6 33. Rg5 e5 34. f5 Nf6 35. Rfg1 Ng4 36. Qf3 Rg7 37. Rxg7 Qxg7 38. Ng3 Qh6 39. Nxh5 Qxh5 40. Qxg4 Qh6 41. Qg7 1-0


[Site "https://www.chess.com"]

[Event "Titled Tuesday Blitz August 08 Late 2023"]
[White "Lacasa Diaz, Jose Antonio"]
[Black "Yanchenko, Roman"]
[WhiteFideId "2203375"]
[BlackFideId "4137329"]
[WhiteElo "2403"]
[BlackElo "2721"]
[Result "0-1"]
[Round "1"]
[TimeControl "180+1"]
[Date "2023.08.08"]
[WhiteClock "0:00:25"]
[BlackClock "0:01:20"]
[Board "79"]

1. e4 e6 2. d4 d5 3. e5 c5 4. c3 Qb6 5. Nf3 Bd7 6. a3 Bb5 7. dxc5 Bxc5 8. Bxb5+ Qxb5 9. b4 Bf8 10. a4 Qd7 11. O-O Nc6 12. Re1 Nge7 13. Bf4 Ng6 14. Bg3 Be7 15. Na3 O-O 16. Nb5 a6 17. Nbd4 Rfc8 18. Rb1 Nxd4 19. cxd4 Rc4 20. h4 Bxb4 21. Re3 Ne7 22. Rd3 Rac8 23. h5 h6 24. Bf4 a5 25. g4 Rc3 26. g5 Nf5 27. gxh6 gxh6 28. Nh2 Rxd3 29. Qxd3 Kh8 30. Kh1 Qxa4 31. Ng4 Qc2 32. Qxc2 Rxc2 33. Nxh6 Rxf2 34. Nxf7+ Kg8 35. Nh6+ Kh7 36. Nxf5 Rxf4 37. Nd6 Rxd4 38. Nxb7 Rh4+ 39. Kg2 Rxh5 40. Ra1 Rxe5 41. Nxa5 Bxa5 42. Rxa5 Kg6 43. Kf3 Kf5 44. Ra8 Re4 45. Rf8+ Ke5 46. Kf2 Rf4+ 0-1


[Site "https://www.chess.com"]

[Event "Titled Tuesday Blitz August 08 Late 2023"]
[White "Prohaszka, Peter"]
[Black "Muhammad Shahzeb"]
[WhiteFideId "726265"]
[BlackFideId "7804806"]
[WhiteElo "2719"]
[BlackElo "2402"]
[Result "1-0"]
[Round "1"]
[TimeControl "180+1"]
[Date "2023.08.08"]
[WhiteClock "0:00:15"]
[BlackClock "0:00:09"]
[Board "80"]

1. d4 Nf6 2. Nf3 e6 3. c3 c5 4. Bg5 Qb6 5. Qb3 Ne4 6. Be3 d5 7. dxc5 Bxc5 8. Bxc5 Qxc5 9. e3 O-O 10. Bd3 Nc6 11. O-O h6 12. Rc1 Bd7 13. c4 Na5 14. Qc2 Nf6 15. Nbd2 dxc4 16. Nxc4 Nxc4 17. Qxc4 Qxc4 18. Bxc4 Rfc8 19. Ne5 Be8 20. f3 Kf8 21. e4 Nd7 22. Nd3 Nc5 23. Nf2 Rc6 24. Bb5 Rcc8 25. Bxe8 Kxe8 26. Kf1 Kd7 27. Ke2 Na4 28. b3 Nc3+ 29. Kd3 Nb5 30. Ng4 f6 31. e5 Ke7 32. exf6+ gxf6 33. Rxc8 Rxc8 34. Nxh6 Rh8 35. Ng4 f5 36. Ne5 Rxh2 37. Rg1 Nd6 38. Ke3 Nf7 39. Nd3 e5 40. Kf2 Ke6 41. Rc1 e4 42. Nf4+ Ke5 43. Kg3 Rh7 44. Rc5+ Kd4 45. Rxf5 Rg7+ 46. Kf2 e3+ 47. Ke2 Ne5 48. Ne6+ 1-0


[Site "https://www.chess.com"]

[Event "Titled Tuesday Blitz August 08 Late 2023"]
[White "Mazurkiewicz, Michal"]
[Black "Akobian, Varuzhan"]
[WhiteFideId "1124943"]
[BlackFideId "13300580"]
[WhiteElo "2402"]
[BlackElo "2718"]
[Result "0-1"]
[Round "1"]
[TimeControl "180+1"]
[Date "2023.08.08"]
[WhiteClock "0:00:14"]
[BlackClock "0:00:57"]
[Board "81"]

1. e4 d6 2. d4 Nf6 3. Nc3 c6 4. f4 Qa5 5. Bd2 Qb6 6. Nf3 d5 7. e5 Ne4 8. Nxe4 dxe4 9. Ng5 Qxd4 10. c3 Qd5 11. Qb3 Qxb3 12. axb3 Bf5 13. Bc4 e6 14. h4 h6 15. Nh3 Nd7 16. b4 f6 17. exf6 Nxf6 18. Be3 a6 19. Nf2 Be7 20. O-O-O Nd5 21. Rhe1 Bxh4 22. g4 Nxe3 23. Rxe3 Bxf2 24. Re2 Bxg4 25. Rxf2 Bxd1 26. Kxd1 Ke7 27. Re2 Raf8 28. Rxe4 Rf6 29. f5 Rxf5 30. Bxe6 Rd8+ 31. Ke2 Rf6 32. Bc8+ Kf8 33. Bxb7 Re8 34. Rxe8+ Kxe8 35. Bxa6 h5 36. b5 cxb5 37. Bxb5+ Kd8 38. b4 h4 39. Bc4 h3 40. Bd5 h2 41. c4 Rf5 42. Bh1 Rg5 43. c5 Rg1 44. Bf3 h1=Q 45. Bxh1 Rxh1 46. Kd3 Rh4 0-1


[Site "https://www.chess.com"]

[Event "Titled Tuesday Blitz August 08 Late 2023"]
[White "carokannlover213"]
[Black "Zenin, Dmitry"]
[BlackFideId "4127897"]
[WhiteElo "2717"]
[BlackElo "2394"]
[Result "1-0"]
[Round "1"]
[TimeControl "180+1"]
[Date "2023.08.08"]
[WhiteClock "0:00:15"]
[BlackClock "0:00:09"]
[Board "82"]

1. c4 g6 2. Nc3 Bg7 3. d4 Nf6 4. g3 O-O 5. Bg2 d6 6. Nf3 Nbd7 7. O-O e5 8. e4 exd4 9. Nxd4 Re8 10. h3 a6 11. Re1 Rb8 12. Bf4 Ne5 13. b3 c5 14. Nc2 b5 15. cxb5 axb5 16. Rc1 b4 17. Nd5 Nxd5 18. exd5 Ra8 19. Ra1 Ba6 20. Bf1 Bxf1 21. Kxf1 Qd7 22. Kg2 Qb5 23. a4 bxa3 24. Rxa3 Rab8 25. Bxe5 Rxe5 26. Rxe5 Bxe5 27. Ne3 Bb2 28. Ra2 Be5 29. Nc4 Qxb3 30. Qxb3 Rxb3 31. f4 Bd4 32. Nxd6 Rd3 33. g4 h6 34. Ra8+ Kh7 35. Ra7 Be3 36. Nxf7 Rxd5 37. Ne5+ Kg8 38. Nxg6 Rd6 39. Ne7+ Kf8 40. Nf5 Re6 41. Kf3 Bd2 42. Rc7 Bb4 43. h4 Rf6 44. Ke4 Re6+ 45. Kd5 Rg6 46. g5 hxg5 47. hxg5 Bd2 48. Ke5 Bc3+ 49. Ke4 Bb4 50. Nh4 Re6+ 51. Kf5 Re7 52. Ng6+ 1-0


[Site "https://www.chess.com"]

[Event "Titled Tuesday Blitz August 08 Late 2023"]
[White "Romero Ruscalleda, Josep"]
[Black "Fiorito, Joaquin"]
[WhiteFideId "2231859"]
[BlackFideId "180173"]
[WhiteElo "2394"]
[BlackElo "2717"]
[Result "0-1"]
[Round "1"]
[TimeControl "180+1"]
[Date "2023.08.08"]
[WhiteClock "0:00:14"]
[BlackClock "0:01:20"]
[Board "83"]

1. e4 c5 2. c3 e5 3. Nf3 Nc6 4. Bc4 Nf6 5. d3 Be7 6. O-O d6 7. Re1 O-O 8. h3 a6 9. d4 b5 10. Bf1 Bb7 11. a4 c4 12. Na3 Na5 13. d5 Nb3 14. Rb1 Qd7 15. Bg5 Rab8 16. axb5 axb5 17. Qc2 Ba8 18. Rbd1 Nh5 19. Be3 g6 20. Nb1 f5 21. exf5 gxf5 22. Bh6 Rf6 23. Bg5 Rg6 24. Bxe7 Qxe7 25. Qxf5 Nf4 26. Kh2 Rf8 27. Qe4 Nc5 28. Qc2 Nxh3 29. gxh3 Rxf3 30. Bg2 Rf4 31. Rg1 Qf6 32. f3 Rh4 33. Qd2 Nd3 34. Bh1 Rxh3+ 35. Kxh3 Nf4+ 36. Kh2 Qh4# 0-1


[Site "https://www.chess.com"]

[Event "Titled Tuesday Blitz August 08 Late 2023"]
[White "Skvortsov, Andrei"]
[Black "littlepinkyboy"]
[WhiteFideId "24108600"]
[WhiteElo "2716"]
[BlackElo "2393"]
[Result "1/2-1/2"]
[Round "1"]
[TimeControl "180+1"]
[Date "2023.08.08"]
[WhiteClock "0:00:52"]
[BlackClock "0:00:01"]
[Board "84"]

1. e4 c5 2. d4 cxd4 3. Qxd4 Nc6 4. Qd3 Nf6 5. Nc3 d6 6. Nf3 g6 7. Be2 Bg7 8. O-O O-O 9. Nd5 b6 10. c3 Bb7 11. Bg5 Nxd5 12. exd5 Ne5 13. Nxe5 Bxe5 14. a4 a5 15. Qf3 Bg7 16. Bb5 h6 17. Be3 Ba6 18. Rfd1 Bxb5 19. axb5 Qd7 20. Qe2 a4 21. c4 Rfb8 22. Ra3 Ra5 23. Rda1 Qf5 24. h3 Qe4 25. f3 Qh4 26. Rxa4 Rxa4 27. Rxa4 Bd4 28. Bxd4 Qxd4+ 29. Kh2 Rb7 30. g3 Kg7 31. Kg2 h5 32. h4 Rc7 33. b3 Qc3 34. Ra2 Qxb3 35. Rc2 Kf8 36. Rc1 Qb4 37. Qd3 Qc5 38. Qc3 Kg8 39. Ra1 Rc8 40. Rc1 Rc7 41. Qd3 Rc8 42. Qe4 Rc7 43. Rc2 Rd7 44. g4 hxg4 45. fxg4 Qa3 46. h5 gxh5 47. gxh5 Qa1 48. Kh3 Ra7 49. Rg2+ Kh8 50. Qf4 Ra3+ 51. Kh2 Qf6 52. Qxf6+ exf6 53. Rf2 Kg7 54. h6+ Kg6 55. h7 Kxh7 56. Rxf6 Rc3 57. Rxd6 Rxc4 58. Rxb6 Rd4 59. Rd6 Kg7 60. b6 Rb4 61. Kg3 Kf8 62. Rc6 Ke7 63. Kf3 Kd7 64. Ke3 f5 65. Rf6 f4+ 66. Kf3 Ke7 67. Re6+ Kd7 68. Rh6 Ke7 69. b7 Kd7 70. Rh8 Rxb7 71. Kxf4 Kd6 72. Rd8+ Kc5 73. Ke5 Re7+ 74. Kf6 Re1 75. Rd7 Re2 76. Rd8 Re1 77. d6 Kc6 78. Kf7 Re2 79. Kf6 Re1 80. Kf7 Re2 81. Kf6 Re1 1/2-1/2


[Site "https://www.chess.com"]

[Event "Titled Tuesday Blitz August 08 Late 2023"]
[White "Djabri, Massinas"]
[Black "Morefield, Jason"]
[WhiteFideId "7905726"]
[BlackFideId "30920825"]
[WhiteElo "2392"]
[BlackElo "2708"]
[Result "1/2-1/2"]
[Round "1"]
[TimeControl "180+1"]
[Date "2023.08.08"]
[WhiteClock "0:00:15"]
[BlackClock "0:00:09"]
[Board "85"]

1. d4 Nf6 2. c4 e6 3. Nf3 d5 4. Nc3 c6 5. Bg5 h6 6. Bh4 dxc4 7. e4 g5 8. Bg3 b5 9. h4 g4 10. Ne5 Nbd7 11. Nxc6 Qb6 12. d5 Bb7 13. a4 a6 14. Be2 Bxc6 15. dxc6 Qxc6 16. axb5 axb5 17. Rxa8+ Qxa8 18. Nxb5 Qa5+ 19. Nc3 Nxe4 20. Qd4 Nxg3 21. fxg3 Qe5 22. Qxg4 Bb4 23. O-O Bxc3 24. bxc3 Qxc3 25. Kh1 Ke7 26. Qxc4 Qxc4 27. Bxc4 Ne5 28. Be2 Rd8 29. Bh5 f5 30. Ra1 Rd3 31. Kh2 Nc6 32. Ra8 Rd8 33. Ra6 Ne5 34. Ra7+ Rd7 35. Ra8 Rd8 36. Ra5 Nc6 37. Ra6 Rd6 38. Ra8 e5 39. Rh8 e4 40. Rh7+ Kd8 41. Kg1 e3 42. Kf1 Nd4 43. Rh8+ Kc7 44. Rh7+ Kb6 45. Rf7 Rc6 46. Kg1 Rc1+ 47. Kh2 e2 48. Bxe2 Nxe2 49. Rxf5 Rc6 50. h5 Rc1 51. Rf6+ Rc6 52. Rg6 Nd4 53. g4 Kc5 54. g5 hxg5 55. Rxg5+ Kc4 56. Rg6 Rc5 57. g4 Kd3 58. h6 Ke3 59. h7 Rc2+ 60. Kh3 Nf3 61. h8=Q Rh2+ 62. Kg3 Rxh8 63. Re6+ Kd4 64. Kxf3 Rf8+ 65. Kg3 Kd5 66. Re7 Rg8 67. Kf4 Kd6 68. Re4 Rf8+ 69. Kg5 Kd5 70. Re1 Rg8+ 71. Kh5 Rh8+ 72. Kg5 Rg8+ 73. Kh4 Rh8+ 74. Kg3 Rg8 75. Re2 Kd6 76. Re1 Kd5 77. Re2 Kd6 78. Re3 Kd5 79. Re7 Kd6 80. Re1 Kd5 1/2-1/2


[Site "https://www.chess.com"]

[Event "Titled Tuesday Blitz August 08 Late 2023"]
[White "KarolKacprzak"]
[Black "GaiozNigalidze"]
[WhiteElo "2704"]
[BlackElo "2389"]
[Result "0-1"]
[Round "1"]
[TimeControl "180+1"]
[Date "2023.08.08"]
[WhiteClock "0:00:03"]
[BlackClock "0:00:29"]
[Board "86"]

1. d4 Nf6 2. Nf3 c5 3. d5 b5 4. Bg5 g6 5. Bxf6 exf6 6. e4 a6 7. a4 b4 8. Bd3 Bg7 9. Nbd2 d6 10. O-O Nd7 11. a5 Ne5 12. Nc4 Nxc4 13. Bxc4 Bg4 14. h3 Bxf3 15. Qxf3 O-O 16. Qd3 Qc8 17. Rae1 Qc7 18. Ra1 Ra7 19. Kh2 f5 20. exf5 Bxb2 21. Rab1 Bc3 22. Rb3 Qe7 23. f4 Re8 24. Bxa6 Qe3 25. Bb5 Qxd3 26. Bxd3 Rxa5 27. Rbb1 Ra2 28. Rf2 Re3 29. Rbf1 Kg7 30. fxg6 hxg6 31. f5 g5 32. f6+ Kh6 33. Bc4 Be5+ 34. Kh1 Rb2 35. Bb3 Rc3 36. Ba4 c4 37. Be8 Rcxc2 38. Rxc2 Rxc2 39. Bxf7 b3 40. Be6 b2 41. f7 Bg7 42. Bf5 Rc1 43. Kg1 g4 44. Kf2 gxh3 45. gxh3 c3 46. Ke2 c2 47. Bxc2 Rxc2+ 48. Kd3 Rc1 49. Rf6+ Kh7 50. f8=Q Bxf8 51. Rxf8 b1=Q+ 0-1


[Site "https://www.chess.com"]

[Event "Titled Tuesday Blitz August 08 Late 2023"]
[White "Beulen, Marcel"]
[Black "Papasimakopoulos, Alexandros"]
[WhiteFideId "1001450"]
[BlackFideId "4244125"]
[WhiteElo "2389"]
[BlackElo "2702"]
[Result "0-1"]
[Round "1"]
[TimeControl "180+1"]
[Date "2023.08.08"]
[WhiteClock "0:01:52"]
[BlackClock "0:02:18"]
[Board "87"]

1. e4 e6 2. d4 d5 3. exd5 exd5 4. Nf3 Bg4 5. c4 Nf6 6. Nc3 Bb4 7. Be2 O-O 8. O-O dxc4 9. Bxc4 Nc6 10. Bg5 h6 11. Bh4 Bxf3 12. Qxf3 Qxd4 13. Bxf6 Qxc4 14. Bh4 Bxc3 15. bxc3 Qxh4 0-1


[Site "https://www.chess.com"]

[Event "Titled Tuesday Blitz August 08 Late 2023"]
[White "Jaferian, Koosha"]
[Black "Pinto, Daniel"]
[WhiteFideId "12507440"]
[BlackFideId "3303144"]
[WhiteElo "2702"]
[BlackElo "2387"]
[Result "1-0"]
[Round "1"]
[TimeControl "180+1"]
[Date "2023.08.08"]
[WhiteClock "0:00:47"]
[BlackClock "0:00:00"]
[Board "88"]

1. e4 c6 2. d4 d5 3. exd5 cxd5 4. Bd3 Nc6 5. c3 Qc7 6. h3 Nf6 7. Nf3 e6 8. O-O Bd6 9. Bg5 Bf4 10. Bxf4 Qxf4 11. Nbd2 Ne4 12. Re1 f5 13. Nf1 O-O 14. Qe2 Bd7 15. Bb5 Be8 16. Bxc6 bxc6 17. Ne5 Rb8 18. Nd3 Qh6 19. f3 Ng5 20. Nc5 Rf6 21. Nd3 f4 22. Ne5 Nxh3+ 23. gxh3 Qxh3 24. Qg2 Qh4 25. Nh2 Bh5 26. Nhg4 Bxg4 27. Nxg4 Rg6 28. Qh2 Qg5 29. Re5 Qd8 30. Rae1 Qd7 31. Qxf4 1-0


[Site "https://www.chess.com"]

[Event "Titled Tuesday Blitz August 08 Late 2023"]
[White "Lopez Del Alamo, Antonio"]
[Black "Matinian, Nikita"]
[WhiteFideId "2227339"]
[BlackFideId "24129100"]
[WhiteElo "2386"]
[BlackElo "2695"]
[Result "0-1"]
[Round "1"]
[TimeControl "180+1"]
[Date "2023.08.08"]
[WhiteClock "0:00:00"]
[BlackClock "0:00:31"]
[Board "89"]

1. e4 c5 2. Nf3 e6 3. d3 Nc6 4. g3 Nf6 5. Bg2 d5 6. Qe2 Qc7 7. O-O Be7 8. e5 Nd7 9. Bf4 h6 10. h4 Rg8 11. h5 b6 12. c4 d4 13. Nbd2 Bb7 14. a3 g5 15. hxg6 Rxg6 16. b4 cxb4 17. axb4 Bxb4 18. Ne4 a5 19. Nh4 Rg8 20. Qh5 O-O-O 21. Nd6+ Kb8 22. Nxf7 Rdf8 23. Nxh6 Rg7 24. Ng6 Rxg6 25. Qxg6 Ncxe5 26. Qxe6 Bxg2 27. Kxg2 Rxf4 28. gxf4 Nxd3 29. Qe8+ Ka7 30. Rfb1 Nxf4+ 31. Kf1 Qc6 0-1


[Site "https://www.chess.com"]

[Event "Titled Tuesday Blitz August 08 Late 2023"]
[White "Sokolovsky, Yahli"]
[Black "Yirik, Volkan"]
[WhiteFideId "2820242"]
[BlackFideId "6300782"]
[WhiteElo "2692"]
[BlackElo "2385"]
[Result "1-0"]
[Round "1"]
[TimeControl "180+1"]
[Date "2023.08.08"]
[WhiteClock "0:01:42"]
[BlackClock "0:01:58"]
[Board "90"]

1. b3 Nf6 2. Bb2 d6 3. d4 c6 4. e3 g6 5. Nf3 Bg7 6. Be2 O-O 7. O-O b5 8. a4 bxa4 9. Rxa4 Nbd7 10. Nc3 Nb6 11. Ra1 Bf5 12. Bd3 Bxd3 13. Qxd3 Re8 14. e4 c5 15. dxc5 dxc5 16. Nb5 a6 17. Qxd8 Raxd8 18. Rxa6 Nc8 19. Re1 1-0


[Site "https://www.chess.com"]

[Event "Titled Tuesday Blitz August 08 Late 2023"]
[White "Korpics, Zsolt"]
[Black "Annaberdiyev, Meylis"]
[WhiteFideId "705241"]
[BlackFideId "14000563"]
[WhiteElo "2384"]
[BlackElo "2692"]
[Result "0-1"]
[Round "1"]
[TimeControl "180+1"]
[Date "2023.08.08"]
[WhiteClock "0:00:09"]
[BlackClock "0:00:18"]
[Board "91"]

1. e4 c5 2. Nf3 Nc6 3. d4 cxd4 4. Nxd4 e5 5. Nb5 d6 6. N1c3 a6 7. Na3 Be7 8. Nc4 b5 9. Ne3 Nf6 10. Ned5 O-O 11. Bd3 Nxd5 12. Nxd5 Bg5 13. Be3 Bxe3 14. Nxe3 Be6 15. O-O Ne7 16. Qd2 Qb6 17. Rad1 Rad8 18. Nf5 Bxf5 19. exf5 f6 20. Qe3 Qc7 21. a4 bxa4 22. Bxa6 Nxf5 23. Qe4 Nd4 24. c3 d5 25. Qh4 Nb3 26. Qxa4 Nc5 27. Qa2 Kh8 28. Rxd5 Rxd5 29. Qxd5 Nxa6 30. Rd1 h6 31. c4 Rb8 32. Rd2 Nb4 33. Qe6 Qb6 34. h4 Qxe6 0-1


[Site "https://www.chess.com"]

[Event "Titled Tuesday Blitz August 08 Late 2023"]
[White "Saveliev, Alexei"]
[Black "Ventura Bolet, Maxim"]
[WhiteFideId "24128546"]
[BlackFideId "22238824"]
[WhiteElo "2689"]
[BlackElo "2383"]
[Result "1-0"]
[Round "1"]
[TimeControl "180+1"]
[Date "2023.08.08"]
[WhiteClock "0:02:20"]
[BlackClock "0:00:33"]
[Board "92"]

1. c4 g6 2. Nc3 Bg7 3. d4 d6 4. e4 Nf6 5. f4 c5 6. d5 O-O 7. Nf3 e6 8. Be2 exd5 9. cxd5 Re8 10. e5 dxe5 11. fxe5 Ng4 12. Bg5 Qb6 13. O-O Nxe5 14. Nxe5 Bxe5 15. Bc4 Qxb2 16. Nb5 Qxa1 17. Qf3 Qxf1+ 18. Kxf1 a6 19. d6 Be6 20. Bxe6 fxe6 21. Qxb7 Nd7 22. Qxd7 axb5 23. Be7 b4 24. Qxe6+ Kg7 25. Qxe5+ 1-0


[Site "https://www.chess.com"]

[Event "Titled Tuesday Blitz August 08 Late 2023"]
[White "kiwibobo"]
[Black "Rastbod, Ali"]
[BlackFideId "12567477"]
[WhiteElo "2382"]
[BlackElo "2688"]
[Result "0-1"]
[Round "1"]
[TimeControl "180+1"]
[Date "2023.08.08"]
[WhiteClock "0:02:15"]
[BlackClock "0:02:12"]
[Board "93"]

1. e4 c5 2. Nf3 Nc6 3. d4 cxd4 4. Nxd4 Nf6 5. Nc3 e5 6. Ndb5 d6 7. Nd5 Nxd5 8. exd5 Nb8 9. a4 Be7 10. Be2 O-O 11. O-O f5 12. f4 Bf6 13. c3 Na6 14. Be3 b6 15. fxe5 dxe5 16. d6 Be6 17. Na3 Nc5 18. Bc4 Qc8 19. Bxc5 Qxc5+ 20. Kh1 Bxc4 21. b4 Qc6 22. b5 Qc5 23. Nc2 Rad8 24. Qf3 0-1


[Site "https://www.chess.com"]

[Event "Titled Tuesday Blitz August 08 Late 2023"]
[White "Ponikarovsky, Alexey"]
[Black "Eggleston, Thomas A"]
[WhiteFideId "4122887"]
[BlackFideId "412139"]
[WhiteElo "2673"]
[BlackElo "2380"]
[Result "1-0"]
[Round "1"]
[TimeControl "180+1"]
[Date "2023.08.08"]
[WhiteClock "0:02:02"]
[BlackClock "0:00:47"]
[Board "94"]

1. e4 e6 2. d4 d5 3. exd5 exd5 4. c4 Nf6 5. Nf3 Bb4+ 6. Nc3 O-O 7. Be2 Re8 8. O-O dxc4 9. Bxc4 Nc6 10. h3 Bxc3 11. bxc3 Be6 12. Bb5 a6 13. Bxc6 bxc6 14. Bg5 h6 15. Bh4 g5 16. Bg3 Ne4 17. Qc1 Nxg3 18. fxg3 Bc4 19. Rf2 f6 20. Qc2 Kg7 21. Nd2 Bf7 22. Raf1 Bg6 23. Qa4 Re6 24. Nb3 Bd3 25. Nc5 Re3 26. Nxd3 Rxd3 27. Qxc6 Re3 28. Rxf6 Re7 1-0


[Site "https://www.chess.com"]

[Event "Titled Tuesday Blitz August 08 Late 2023"]
[White "Dzida, Kamil"]
[Black "Seemann, Jakub"]
[WhiteFideId "21828652"]
[BlackFideId "21874697"]
[WhiteElo "2379"]
[BlackElo "2671"]
[Result "1/2-1/2"]
[Round "1"]
[TimeControl "180+1"]
[Date "2023.08.08"]
[WhiteClock "0:00:20"]
[BlackClock "0:00:07"]
[Board "95"]

1. e4 c6 2. d4 d5 3. Nc3 dxe4 4. Nxe4 Nf6 5. Nxf6+ exf6 6. c3 Bd6 7. Bd3 O-O 8. Qc2 Re8+ 9. Ne2 h5 10. O-O h4 11. Nf4 Qc7 12. g3 Nd7 13. Qd1 Nf8 14. Qh5 hxg3 15. hxg3 Qd7 16. Bd2 Qg4 17. Qxg4 Bxg4 18. Rae1 Ne6 19. Nxe6 Bxe6 20. b3 a5 21. c4 a4 22. Bc3 axb3 23. axb3 Ra3 24. d5 cxd5 25. cxd5 Bd7 26. Rxe8+ Bxe8 27. Bc2 Bd7 28. Ra1 Rxa1+ 29. Bxa1 Kf8 30. Bd4 Ke7 31. f4 Kd8 32. Kf2 Kc7 33. Ke3 Bb4 34. Bd1 Kd6 35. Bf3 Bf5 36. g4 Bc2 37. g5 Bxb3 38. gxf6 gxf6 39. Bxf6 Bxd5 40. Be7+ Kxe7 41. Bxd5 Bc5+ 42. Kd3 b6 43. Kc4 f6 44. f5 Kd6 45. Be6 1/2-1/2


[Site "https://www.chess.com"]

[Event "Titled Tuesday Blitz August 08 Late 2023"]
[White "Eugene, Floryan"]
[Black "maksimys18"]
[WhiteFideId "20694784"]
[WhiteElo "2670"]
[BlackElo "2379"]
[Result "1-0"]
[Round "1"]
[TimeControl "180+1"]
[Date "2023.08.08"]
[WhiteClock "0:00:16"]
[BlackClock "0:00:14"]
[Board "96"]

1. e4 e6 2. d3 d5 3. Qe2 Be7 4. Nf3 Nf6 5. g3 O-O 6. Bg2 c5 7. O-O Nc6 8. e5 Nd7 9. c4 d4 10. h4 Qc7 11. Bf4 b6 12. h5 h6 13. Nbd2 Bb7 14. Rfe1 Rae8 15. Nf1 Qd8 16. N1h2 f6 17. Ng4 fxe5 18. Nfxe5 Ncxe5 19. Bxb7 Nxg4 20. Qxe6+ Kh8 21. Qxg4 Nf6 22. Qg6 Bd6 23. Bxh6 gxh6 24. Qxh6+ Nh7 25. Be4 Re7 26. Bg6 Rg7 27. Re6 Be7 28. f4 b5 29. Rae1 Bf6 30. Re8 Rxe8 31. Rxe8+ Qxe8 32. Bxe8 Rxg3+ 33. Kf2 Rg7 34. Bg6 Bh4+ 35. Kf3 Kg8 36. Bxh7+ Rxh7 37. Qe6+ Kh8 38. Qe8+ Kg7 39. Qe5+ Kh6 40. Qxc5 bxc4 41. Qxc4 Rg7 42. Qe6+ Kh7 43. Qe4+ Kh8 44. Qxd4 Kh7 45. Qe4+ Kh6 46. Qe6+ Kh7 47. d4 Rg3+ 48. Ke4 Rg2 49. Qf7+ Kh6 50. Kf5 Rg7 51. Qf8 Kh7 52. d5 Be7 53. Qxg7+ Kxg7 54. Ke6 Bh4 55. f5 Kf8 56. d6 Ke8 57. f6 Bg5 58. b4 a6 59. a4 Bd2 60. b5 axb5 61. axb5 Be3 62. b6 Bxb6 63. h6 Kd8 64. h7 Kc8 65. h8=Q+ Kb7 66. f7 Kc6 67. f8=Q Kb5 68. d7 Ka6 69. Qd6 Kb7 70. Qh1+ Ka6 71. Qa8+ Kb5 72. Qdd5+ Kb4 73. Qab7 Kc3 74. d8=Q Kc2 75. Qdc8+ Kb1 76. Qxb6+ Ka1 77. Qc3# 1-0


[Site "https://www.chess.com"]